 Dungeon Crawl Stone Soup version 0.27-a0-1084-g78b3836a5f (webtiles) character file.

Game seed: 11053844059739647577

223 tardwrangler69 the Spear-Bearer (level 6, -1/48 HPs)
             Began as a Merfolk Gladiator on Apr 26, 2021.
             Killed from afar by an orc wizard (6 damage)
             ... with a magic dart
             ... on level 4 of the Dungeon.
             The game lasted 00:03:11 (3899 turns).

tardwrangler69 the Spear-Bearer (Merfolk Gladiator) Turns: 3899, Time: 00:03:11

Health: -1/48      AC:  4    Str: 16    XL:     6   Next: 0%
Magic:  6/6        EV: 10    Int:  8    God:
Gold:   98         SH:  7    Dex: 15    Spells: 5/5 levels left

rFire    . . .     SeeInvis .   a - +0 trident
rCold    . . .     Faith    .   e - +0 kite shield
rNeg     . . .     Spirit   .   b - +0 leather armour
rPois    .         Reflect  .   c - +0 helmet
rElec    .         Harm     .   (no cloak)
rCorr    .         Rampage  .   (no gloves)
Will     .....                  (no boots)
Stlth    +.........             (no amulet)
HPRegen  0.16/turn              (no ring)
MPRegen  0.10/turn              (no ring)

@: no status effects
A: (nimble swimmer 2), mertail
a: no special abilities


You were on level 4 of the Dungeon.
You visited 1 branch of the dungeon, and saw 4 of its levels.

You collected 98 gold pieces.

Inventory:

Hand Weapons
 a - a +0 trident (weapon)
Missiles
 d - 3 throwing nets (quivered)
 g - 12 boomerangs
 h - 28 poisoned darts
Armour
 b - a +0 leather armour (worn)
 c - a +0 helmet (worn)
 e - a +0 kite shield (worn)
Jewellery
 n - a ring of fire
Scrolls
 f - 2 scrolls of identify
 j - 2 scrolls of torment
Potions
 k - a potion of degeneration {unknown}
 l - 3 potions of curing
 m - a potion of heal wounds {unknown}


   Skills:
 + Level 4.1 Fighting
 * Level 8.1 Polearms
 - Level 2.0 Throwing
 - Level 4.0 Dodging


You had 5 spell levels left.
You didn't know any spells.
Your spell library contained the following spells:

 Spells                   Type           Power      Damage    Failure   Level
 Shock                    Conj/Air       0%         1d3       98%         1
 Static Discharge         Conj/Air       0%         N/A       99%         2
 Swiftness                Air            0%         N/A       100%        3
 Airstrike                Air            0%         N/A       100%        4
 Lightning Bolt           Conj/Air       0%         1d11      100%        5


Dungeon Overview and Level Annotations

Branches:
Dungeon (4/15)
 Temple: D:4-7

Altars:

Shops:
D:3 :


Innate Abilities, Weirdness & Mutations

((You are quick and stealthy near water. (Stealth+, EV+, Speed+++)))
Your lower body shifts to a powerful aquatic tail in water.


Message History

A puff of flame appears from out of thin air!
The puff of flame hits you. The orc closely misses you.
The adder barely misses you.
You hit the adder.
You kill the adder!
An orc priest comes into view. It is wielding a +0 falchion.
You hear some strange, mumbled words.
A magic dart appears from out of thin air!
The magic dart hits you. The orc hits you with a +0 flail.
Something hits you but does no damage.
You puncture the orc!
You kill the orc!
The orc barely misses you. Something hits you but does no damage.
You hit the orc.
The orc is moderately wounded.
The orc misses you. You block the orc's attack. Something hits you.
You hit the orc.
The orc is heavily wounded.
You block the orc's attack. The orc hits you but does no damage.
You block something's attack. You block the orc's attack.
You puncture the orc!
You kill the orc!
The orc priest invokes the aid of Beogh against you.
Beogh smites you! Something hits you but does no damage.
The orc hits you with a +0 war axe.
* * * LOW HITPOINT WARNING * * *
You have reached level 6!
Your experience leads to an increase in your attributes!
Increase (S)trength, (I)ntelligence, or (D)exterity?
You feel stronger. You block the orc's attack.
You hear some strange, mumbled words.
A puff of flame appears from out of thin air!
The puff of flame hits you.
* * * LOW HITPOINT WARNING * * *
The orc priest miscasts a cantrip.
The orc priest invokes the aid of Beogh against you.
A magic dart appears from out of thin air!
The magic dart hits you.
You die...

......### ... ...
#.##.# ... ###.#.##
....#......#
......)....#####
......o........#
...#.....{....###.##
$ #.....o.@.......#
....<......<......#
......##.....#....#
.#...##.......##.....
.............# #....
... #.#..#...# ....
###..##... ..# ...
#.... ## #.. .....


You could see an orc priest and an orc.

Vanquished Creatures
  An orc priest (D:3)
  A bullfrog skeleton (D:3)
  An orc wizard (D:2)
  Robin (D:3)
  5 adders
  3 dart slugs
  5 orcs
  3 ball pythons
  3 bats
  6 endoplasms
  12 goblins
  6 hobgoblins
  15 jackals
  3 kobolds
  A quokka (D:2)
  2 frilled lizards
  2 rats
70 creatures vanquished.

Vanquished Creatures (others)
  A plant (D:2)
1 creature vanquished.

Grand Total: 71 creatures vanquished

Notes
Turn   | Place    | Note
-------+----------+-------------------------------------------
     0 | D:1      | tardwrangler69 the Merfolk Gladiator began the quest for
                  | the Orb.
     0 | D:1      | Reached XP level 1. HP: 16/16 MP: 1/1
    89 | D:1      | Reached skill level 5 in Polearms
    89 | D:1      | Reached XP level 2. HP: 23/23 MP: 2/2
   628 | D:2      | Reached XP level 3. HP: 25/28 MP: 3/3
   679 | D:2      | Found Gapoequnto's Jewellery Shop.
  1062 | D:2      | Reached skill level 6 in Polearms
  1221 | D:2      | Reached XP level 4. HP: 28/35 MP: 4/4
  1411 | D:2      | Found a faded altar of an unknown god.
  2330 | D:3      | Reached skill level 7 in Polearms
  2330 | D:3      | Reached XP level 5. HP: 4/41 MP: 5/5
  2734 | D:3      | Noticed Robin
  3157 | D:3      | Killed Robin
  3585 | D:3      | Reached skill level 8 in Polearms
  3585 | D:3      | Found Feigeil's Book Boutique.
  3896 | D:4      | Reached XP level 6. HP: 10/48 MP: 6/6
  3899 | D:4      | Killed from afar by an orc wizard

Illustrated notes

Levels and vault maps discovered:
D:1:      psy_arrival_whirlpool, layout_basic
D:2:      layout_loops_corners, serial_bayou, serial_bayou_pond_d,
          serial_bayou_pond_d, serial_bayou_pond_e, serial_bayou_shore_b,
          hellmonk_ecumenical_altar_slurped_away, serial_shops,
          nicolae_shop_statue_plus
D:3:      layout_loops_cross, serial_shops, shop, glass_columns_c,
          minmay_misc_feat_columns, uniq_robin
D:4:      layout_cave_pools, grunt_temple_overflow_growth_and_decay

Skill      XL: |  1  2  3  4  5 |
---------------+----------------+-----
Polearms       | 5 6 7 8 |  8.1
Fighting       | 3 4 |  4.1
Throwing       | |  2.0
Dodging        | |  4.0

Action                   |  1- 3 |  4- 6 || total
-------------------------+-------+-------++-------
Melee: Trident           |   102 |   135 ||   237
  Use: Potion            |       |     1 ||     1
       Scroll            |       |     3 ||     3
 Stab: Sleeping          |     3 |     2 ||     5
Armor: Leather armour    |    16 |    43 ||    59
Dodge: Dodged            |    53 |    75 ||   128
Block: Kite shield       |       |    29 ||    29

Table legend: (Time is in decaauts)
 A = Elapsed time spent in this place.
 B = Non-inter-level travel time spent in this place.
 C = Inter-level travel time spent in this place.
 D = Time resting spent in this place.
 E = Time spent auto-exploring this place.
 F = Levels seen in this place.
 G = Mean time per level.
                   A        B        C        D        E       F      G
               +--------+--------+--------+--------+--------+-----+--------+
         Total |   3910 |   3752 |    158 |      0 |   3275 |   4 |  977.5 |
       Dungeon |   3910 |   3752 |    158 |      0 |   3275 |   4 |  977.5 |
               +--------+--------+--------+--------+--------+-----+--------+

Top non-repeatable levels by time:
     D:2: 2079 daAuts
     D:3: 1262 daAuts
     D:1: 544 daAuts
     D:4: 23 daAuts
